AoeStats
← Lacri

Arabia

504835490Analyzed
2v2 RM · 26d ago on Sep 6, 2026· 115m 18s· 4 players
Game mode
Random Map
Map size
Medium (4 player)
Population
200
Speed
Normal
Resources
Standard
Victory
Conquest
Starting age
Dark Age
Ending age
Imperial Age
RankedLock teamsTeams togetherTeam positionsShared explorationLock speedFull tech treeHidden civsTurbo modeCheats
Victory
Defeat
🇲🇽 Muisca · Mexico
1256
+14
🇺🇸 Japanese · United States
1233
+15
🇦🇹 Koreans · Austria
1241
-15
🇩🇪 Mongols · Germany
1198
-14
Shaco Shabracco
6:24 Loom
8:35 Feudal Age
16:49 Double-Bit Axe
24:52 Castle Age
27:01 Fletching
27:11 Padded Archer Armor
27:33 Town Watch
28:26 Wheelbarrow
28:17 Bow Saw
28:02 Horse Collar
33:48 Light Cavalry
34:37 Scale Barding Armor
35:41 Forging
44:20 Husbandry
46:16 Stone Mining
47:52 Hand Cart
52:14 Heavy Plow
52:57 Squires
53:27 Gold Mining
53:56 Pikeman
55:25 Chain Barding Armor
56:15 Bloodlines
59:34 Iron Casting
65:18 Imperial Age
66:30 Hussar
68:24 Blast Furnace
68:05 Elite Skirmisher
69:15 Thumb Ring
69:59 Bodkin Arrow
71:01 Leather Archer Armor
75:33 Chemistry
74:53 Ballistics
76:30 Bracer
86:21 Ballistics
95:53 Conscription
109:44 Caravan
Lacri
7:28 Loom
9:48 Feudal Age
10:25 Double-Bit Axe
11:10 Horse Collar
13:48 Fletching
17:27 Wheelbarrow
23:12 Castle Age
24:51 Bodkin Arrow
24:51 Crossbowman
29:41 Thumb Ring
33:36 Bow Saw
34:33 Ballistics
39:17 Imperial Age
36:44 Gold Mining
37:25 Husbandry
41:10 Eupseong
41:18 Town Watch
41:53 Bracer
43:04 Murder Holes
44:12 Chemistry
44:24 Elite War Wagon
48:59 Siege Engineers
48:45 Elite Fire Lancer
49:31 Scale Mail Armor
49:42 Forging
50:04 Conscription
50:26 Squires
50:11 Arson
52:22 Chain Mail Armor
52:43 Iron Casting
52:43 Gambesons
54:46 Two-Man Saw
53:53 Heavy Plow
55:00 Hand Cart
55:28 Pikeman
56:46 Halberdier
62:52 Capped Ram
93:38 Elite Skirmisher
103:51 Light Cavalry
108:04 Scale Barding Armor
109:20 Hussar
110:53 Chain Barding Armor
NaginiKill
9:59 Feudal Age
10:13 Man-at-Arms
12:58 Forging
17:50 Wheelbarrow
17:01 Loom
23:47 Castle Age
23:22 Padded Archer Armor
23:37 Fletching
23:56 Crossbowman
24:31 Double-Bit Axe
24:55 Thumb Ring
30:05 Bow Saw
32:19 Hand Cart
38:37 Horse Collar
39:06 Pikeman
42:29 Iron Casting
42:00 Scale Barding Armor
42:51 Bloodlines
43:14 Heavy Plow
43:01 Town Watch
46:24 Chain Barding Armor
51:22 Imperial Age
51:12 Husbandry
50:36 Light Cavalry
51:27 Cavalier
53:08 Blast Furnace
63:36 Murder Holes
64:42 Chemistry
64:22 Conscription
63:26 Elite Samurai
63:47 Elite Samurai
65:11 Scale Mail Armor
67:03 Treadmill Crane
70:30 Chain Mail Armor
69:50 Halberdier
70:31 Squires
70:17 Arson
75:47 Two-Man Saw
79:16 Caravan
79:47 Coinage
85:26 Banking
99:57 Plate Mail Armor
107:57 Long Swordsman
108:25 Gambesons
108:30 Two-Handed Swordsman
109:47 Bodkin Arrow
110:08 Leather Archer Armor
110:25 Champion
115:02 Kataparuto
[inkas'A] jony567
8:31 Loom
10:47 Feudal Age
11:15 Horse Collar
11:27 Gold Mining
11:13 Champi Runner
12:11 Town Watch
15:41 Fletching
16:27 Padded Archer Armor
26:51 Castle Age
24:59 Double-Bit Axe
27:17 Forging
27:08 Scale Mail Armor
26:53 Crossbowman
27:40 Thumb Ring
27:45 Bodkin Arrow
31:02 Squires
33:23 Iron Casting
32:48 Scale Mail Armor
36:05 Heavy Plow
36:59 Chain Mail Armor
37:24 Bow Saw
42:44 Wheelbarrow
44:49 Imperial Age
41:59 Elite Skirmisher
43:42 Leather Archer Armor
45:08 Ballistics
45:42 Bracer
50:52 Chemistry
52:45 Arbalester
57:31 Capped Ram
72:22 Champi Warrior
73:22 Elite Champi Warrior
77:06 Town Patrol
77:59 Plate Mail Armor
77:51 Elite Temple Guard
79:11 Pikeman
93:35 Hand Cart
Connection lost

Rejoining the realm…

Still unreachable

The connection could not be restored.

Session expired

The server has moved on; the page needs a fresh start.